 Dungeon Crawl Stone Soup version 0.29.1-15-g9cfb28693d (console) character file.

Game seed: 18419105134907018205

281 om the Grave Robber (level 6, -1/45 HPs)
             Began as a Hill Orc Necromancer on Apr 25, 2023.
             Slain by a gnoll bouda
             ... wielding a +0 club
              (6 damage)
             ... on level 4 of the Dungeon.
             The game lasted 00:12:48 (4641 turns).

om the Grave Robber (Hill Orc Necromancer)          Turns: 4641, Time: 00:12:48

Health: -1/45      AC:  3    Str: 17    XL:     6   Next: 27%
Magic:  0/10       EV: 12    Int: 17    God:
Gold:   215        SH:  0    Dex: 11    Spells: 5/11 levels left

rFire   . . .      SeeInvis .   k - +0 trident
rCold   . . .      Faith    .   (no shield)
rNeg    + . .      Spirit   .   a - +0 robe
rPois   .          Reflect  .   (no helmet)
rElec   .          Harm     .   d - +0 cloak
rCorr   .          Rampage  .   (no gloves)
Will    .....                   (no boots)
Stlth   ++........              (no amulet)
HPRegen 0.15/turn               j - ring of positive energy
MPRegen 0.12/turn               f - +6 ring of strength

@: no status effects
A: no striking features
a: no special abilities


You were on level 4 of the Dungeon.
You visited 1 branch of the dungeon, and saw 5 of its levels.

You collected 235 gold pieces.
You spent 20 gold pieces at shops.

Inventory:

Hand Weapons
 k - a +0 trident (weapon)
Armour
 a - a +0 robe (worn)
 d - a +0 cloak (worn)
Magical Staves
 q - a staff of fire
Jewellery
 f - a +6 ring of strength (right hand)
 j - a ring of positive energy (left hand)
Wands
 s - a wand of polymorph (12)
Scrolls
 e - 3 scrolls of noise {unknown}
 i - a scroll of teleportation
 m - a scroll of identify
 o - a scroll of torment {unknown}
 r - a scroll of immolation
 t - a scroll of amnesia {unknown}
Potions
 b - 2 potions of magic
 c - a potion of mutation {unknown}
 g - a potion of resistance {unknown}
 h - 2 potions of heal wounds {unknown}
 l - a potion of curing {unknown}
 n - a potion of haste {unknown}
 p - a potion of flight {unknown}


   Skills:
 + Level 2.7 Dodging
 + Level 2.9 Stealth
 * Level 3.1 Spellcasting
 + Level 4.9 Necromancy


You had 5 spell levels left.
You knew the following spells:

 Your Spells              Type           Power      Damage    Failure   Level
a - Necrotise             Necr           76%        1d7       2%          1
b - Vampiric Draining     Necr           19%        2d7       7%          3
c - Blink                 Tloc           4%         N/A       26%         2

Your spell library contained the following spells:

 Spells                   Type           Power      Damage    Failure   Level
 Summon Small Mammal      Summ           8%         N/A       17%         1
 Animate Dead             Necr           19%        N/A       22%         4
 Call Canine Familiar     Summ           2%         N/A       45%         3
 Portal Projectile        Hex/Tloc       4%         N/A       45%         3
 Summon Guardian Golem    Hex/Summ       2%         N/A       45%         3
 Tukima's Dance           Hex            2%         N/A       45%         3
 Agony                    Necr           19%        N/A       54%         5
 Blade Hands              Tmut           1%         N/A       99%         5
 Manifold Assault         Tloc           2%         N/A       99%         5
 Storm Form               Tmut/Air       1%         N/A       100%        7


Dungeon Overview and Level Annotations

Branches:
Dungeon (5/15)
 Temple: D:4-7

Altars:
Trog
The Shining One

Shops:
D:3 ?


Message History

The gnoll bouda barely resists.
The gnoll bouda hits you with a +0 club.
The gnoll hits you with a +0 flail! The gnoll bouda barely misses you.
There is a stone staircase leading up here.
The gnoll bouda hits you with a +0 club.
The gnoll hits you with a +0 flail.
You climb upwards.
There is a stone staircase leading down here.
Aiming: Necrotise (safe; 2% risk of failure)
Press: ? - help, Q - select action, (/) - cycle Shift-Dir - straight line, f - gnoll
Aim: a gnoll, wielding a +0 flail (covering ground quickly, chance to affect: 84%)
The gnoll writhes in agony!
The gnoll bouda barely misses you. The gnoll hits you with a +0 flail!
Aiming: Necrotise (safe; 2% risk of failure)
Press: ? - help, Q - select action, (/) - cycle Shift-Dir - straight line, f/p - gnoll
Aim: a gnoll, wielding a +0 flail (heavily wounded, covering ground quickly, chance to affect: 84%)
The gnoll writhes in agony.
The gnoll bouda closely misses you. The gnoll barely misses you.
Aiming: Necrotise (safe; 2% risk of failure)
Press: ? - help, Q - select action, (/) - cycle Shift-Dir - straight line, f/p - gnoll
Aim: a gnoll, wielding a +0 flail (severely wounded, covering ground quickly, chance to affect: 84%)
The gnoll writhes in agony.
The gnoll bouda hits you with a +0 club!
* * * LOW HITPOINT WARNING * * *
The gnoll closely misses you.
Aiming: Necrotise (safe; 2% risk of failure)
Press: ? - help, Q - select action, (/) - cycle Shift-Dir - straight line, f/p - gnoll
Aim: a gnoll, wielding a +0 flail (almost dead, covering ground quickly, chance to affect: 84%)
The gnoll writhes in agony.
You kill the gnoll!
The dead are walking!
The gnoll bouda hits you with a +0 club.
* * * LOW HITPOINT WARNING * * *
Aiming: Necrotise (safe; 2% risk of failure)
Press: ? - help, Q - select action, (/) - cycle Shift-Dir - straight line, f - gnoll bouda
Aim: a gnoll bouda, wielding a +0 club and wearing a +0 robe (heavily wounded, ally target, chance to affect: 78%)
The gnoll bouda writhes in agony.
The gnoll bouda hits you with a +0 club.
You die...

###.###.)##.#########
#....##.###.# #....##.###.#
#...........# #..).....#######
#........'.....#
#######........#####.#
#..............# #.#
#..............# #.#
#........g.....# #.#
######........Z@....#####.######
#......)...(.......)..[........#
#.###################..........#
#.# #####......# #.# ##.....#
##.############# #.....#
......)........# #.....#
##############.# #......
#.....#....#.# #.....♣
#.###.#.##.#.# #......
#..........#.# #######


You could see a gnoll bouda (ally target) and a friendly gnoll skeleton.

Vanquished Creatures
  A scorpion (D:5)
  A hound (D:4)
  An iguana (D:4)
  An orc wizard (D:4)
  4 gnolls
  An adder (D:4)
  9 orcs
  3 endoplasms
  2 giant cockroaches (D:1)
  11 goblins
  6 hobgoblins
  3 jackals (D:3)
  2 quokkas
  4 ball pythons
  6 bats
  A frilled lizard (D:3)
  3 kobolds
  A rat (D:2)
60 creatures vanquished.

Vanquished Creatures (collateral kills)
  An iguana (D:4)
  An orc (D:3)
2 creatures vanquished.

Grand Total: 62 creatures vanquished

Notes
Turn   | Place    | Note
-------+----------+-------------------------------------------
     0 | D:1      | om the Hill Orc Necromancer began the quest for the Orb.
     0 | D:1      | Reached XP level 1. HP: 14/14 MP: 3/3
   162 | D:1      | Reached XP level 2. HP: 20/20 MP: 1/4
   540 | D:1      | Found a faded altar of an unknown god.
   833 | D:2      | Reached XP level 3. HP: 26/26 MP: 1/5
  1959 | D:3      | Found Jorphi's Magic Scroll Shop.
  1979 | D:3      | Bought a scroll of identify for 20 gold pieces
  2051 | D:3      | Found a glowing golden altar of the Shining One.
  2256 | D:3      | Identified the +10 dagger of Tatid {flame, Int+2}
  2674 | D:3      | Learned a level 3 spell: Vampiric Draining
  2677 | D:3      | Learned a level 2 spell: Blink
  3192 | D:4      | Reached XP level 4. HP: 33/33 MP: 3/7
  3310 | D:4      | Found a bloodstained altar of Trog.
  3540 | D:4      | Reached XP level 5. HP: 31/38 MP: 0/8
  4201 | D:5      | Entered Level 5 of the Dungeon
  4353 | D:5      | Reached XP level 6. HP: 42/45 MP: 4/10
  4641 | D:4      | Slain by a gnoll bouda

Illustrated notes

Levels and vault maps discovered:
D:1:      psy_arrival_terrarium, layout_basic, serial_corexii_hall,
          chequers_hall_statues_corner_a, chequers_hall_statues_wall_a,
          ebering_ecumenical_altar_box
D:2:      layout_loops_ring, chequers_serial_rivers_micro_c
D:3:      layout_rooms, mainiacjoe_overflow_catwalk, serial_shops,
          nicolae_shop_behind_doors, serial_co_window_serial,
          co_window_corner_a, co_window_corner_a, co_window_of_opportunity_a,
          co_window_corner_a, co_window_corner_a, co_window_of_opportunity_a,
          co_window_paths_b, co_window_2corner, co_window_cross_3,
          co_window_cross_2, co_window_unsneaky_path_d,
          co_window_unsneaky_path_b, co_window_unsneaky_path_b,
          co_window_paths_e
D:4:      layout_basic, mainiacjoe_overflow_boulevard, kennysheep_small_circle
D:5:      layout_loops_corners, lemuel_temple_firewalk_b, uniq_grinder,
          uniq_eustachio

Skill      XL: |  1  2  3  4  5 |
---------------+----------------+-----
Stealth        | 2 |  2.9
Dodging        | 2 |  2.7
Spellcasting   | 2 3 |  3.1
Necromancy     | |  4.9

Action                   |  1- 3 |  4- 6 || total
-------------------------+-------+-------++-------
Melee: Club              |    12 |       ||    12
       Trident           |    13 |    23 ||    36
 Cast: Necrotise         |    70 |    65 ||   135
       Vampiric Draining |       |     1 ||     1
  Use: Scroll            |     6 |       ||     6
 Stab: Sleeping          |     1 |       ||     1
Armor: Robe              |    10 |    10 ||    20
Dodge: Dodged            |    29 |    30 ||    59
